Map: Babylon LE

Players

Niki

  • Race: Zerg Zerg
  • League: Platinum
  • Spawn Location: 5:00

MattBarry - Winner!

  • Race: Zerg Zerg
  • League: Gold
  • Spawn Location: 11:00

VOD

Have the link to the VOD?

Description

Time

  • Played on: Feb. 10, 2023, 3:27 p.m.
  • Length: 12:31
Show
View Real Time Build Order
Export as new Build Order

Niki Zerg 

Build Orders: Pool First 

Get SALT Encoding   

  12  0:21  Spawning Pool  
  12  0:24  Drone  
  12  1:02  Extractor  
  12  1:09  Zergling x4  
  13  1:11  Overlord  
  13  1:21  Drone  
  13  1:23  Hatchery, Extractor  
  12  1:35  Zergling x2  
  13  1:41  Drone  
  14  1:51  Queen  
  16  2:01  Drone  
  17  2:15  Zergling x4  
  18  2:35  Zergling x2  
  18  2:40  Drone  
  18  2:53  Lair  
  18  3:01  Drone x2  
  19  3:14  Spine Crawler  
  19  3:15  Drone  
  19  3:16  Drone  
  19  3:27  Spine Crawler  
  18  3:36  Drone x2  
  20  3:44  Drone  
  20  3:47  Drone  
  22  3:49  Drone  
  22  3:55  Extractor  
  22  3:56  Drone  
  23  4:04  Drone x2  
  25  4:17  Drone  
  25  4:18  Drone  
  27  4:30  Drone  
  27  4:31  Spire, Overlord  
  27  4:35  Drone  
  28  4:46  Overlord  
  28  4:47  Overlord  
  28  4:57  Drone x3  
  31  5:17  Drone x3  
  34  5:25  Drone x3  
  37  5:29  Drone  
  37  5:35  Drone  
  39  5:36  Queen  
  39  5:38  Queen, Drone  
  39  5:42  Extractor  
  43  5:51  Mutalisk x2  
  47  5:59  Extractor  
  47  6:04  Mutalisk  
  46  6:06  Zerg Flyer Weapons Level 1  
  48  6:19  Queen  
  48  6:23  Hatchery  
  49  6:27  Drone x3  
  52  6:33  Overlord x2  
  52  6:34  Overlord  
  50  7:05  Drone x3  
  50  7:06  Drone x2  
  55  7:33  Drone  
  55  7:34  Drone x2  
  58  7:38  Hydralisk Den  
  58  7:42  Nydus Network  
  56  7:44  Drone x2  
  56  7:45  Drone  
  59  7:57  Spine Crawler  
  55  7:59  Mutalisk x2  
  55  8:00  Zerg Flyer Armor Level 1, Spine Crawler  
  56  8:14  Mutalisk x2  
  60  8:28  Hatchery  
  59  8:44  Hatchery  
  56  8:59  Hatchery  
  55  9:10  Grooved Spines  
  55  9:12  Hydralisk x3  
  61  9:53  Nydus Canal  
  61  9:55  Hydralisk x4  
  61  9:56  Hydralisk x2  
  73  10:02  Spine Crawler  
  73  10:03  Spine Crawler  
  73  10:05  Spine Crawler  
  73  10:06  Spine Crawler  
  69  10:07  Spine Crawler  
  69  10:11  Spine Crawler  
  67  10:20  Hydralisk x5  
  73  10:21  Muscular Augments  
  63  10:30  Drone x2  
  65  10:40  Evolution Chamber  
  65  10:41  Evolution Chamber  
  63  10:44  Queen  
  63  10:46  Overlord  
  63  10:47  Overlord x2  
  63  10:49  Drone  
  66  10:51  Drone  
  67  11:02  Nydus Canal  
  67  11:19  Queen  
  69  11:31  Infestation Pit, Drone x3  
  57  11:41  Zergling x6  
  58  11:52  Drone  
  57  11:57  Hydralisk  
  57  11:58  Hydralisk x7  
  60  12:15  Drone x3  
Show
View Real Time Build Order
Export as new Build Order

MattBarry Zerg - Winner!

Build Orders: Pool First 

Get SALT Encoding   

  12  0:00  Drone  
  13  0:12  Overlord  
  13  0:17  Drone  
  14  0:31  Drone x2  
  16  0:55  Extractor  
  15  0:58  Spawning Pool  
  14  1:12  Hatchery, Drone  
  14  1:15  Drone  
  15  1:23  Drone  
  16  1:27  Drone  
  17  1:39  Drone  
  18  1:46  Queen  
  18  1:54  Zergling x2  
  21  2:01  Metabolic Boost  
  20  2:21  Zergling x2  
  21  2:24  Queen  
  23  2:37  Queen  
  25  2:48  Overlord  
  25  2:50  Zergling x2  
  25  2:51  Zergling x2  
  27  3:02  Zergling x2  
  27  3:04  Overlord  
  26  3:18  Drone x3  
  28  3:20  Drone  
  28  3:21  Drone x2  
  31  3:35  Roach Warren  
  31  3:37  Drone x2  
  31  3:40  Drone  
  33  3:54  Drone x5  
  38  3:56  Drone  
  38  4:23  Extractor  
  37  4:30  Evolution Chamber  
  37  4:31  Evolution Chamber  
  35  4:34  Spine Crawler  
  34  4:43  Hatchery  
  34  4:44  Drone  
  34  4:45  Drone x2, Overlord  
  36  4:46  Roach x4  
  44  5:04  Queen  
  46  5:09  Zerg Missile Weapons Level 1  
  45  5:22  Roach x2, Lair  
  49  5:30  Extractor  
  49  5:31  Extractor  
  47  5:48  Overlord x3  
  47  5:57  Queen  
  49  6:06  Drone  
  49  6:09  Roach x7  
  64  6:19  Glial Reconstitution  
  64  6:26  Drone x3  
  64  6:29  Drone  
  68  6:35  Overlord  
  67  6:47  Spore Crawler  
  67  6:52  Spore Crawler  
  67  6:53  Spore Crawler  
  64  6:56  Spore Crawler  
  64  6:57  Drone  
  63  7:11  Drone x4  
  67  7:23  Queen  
  69  7:40  Drone x3  
  69  7:41  Drone x5  
  77  7:48  Hydralisk Den  
  76  7:55  Evolution Chamber  
  75  8:25  Hydralisk  
  75  8:26  Hydralisk x2  
  81  8:27  Overlord x3  
  81  9:03  Grooved Spines  
  81  9:06  Zerg Missile Weapons Level 2  
  81  9:09  Zerg Ground Armor Level 1  
  81  9:11  Hydralisk x5  
  81  9:12  Hydralisk x5  
  101  9:22  Drone x5  
  106  9:29  Overlord  
  106  9:30  Overlord  
  106  9:42  Overlord x3  
  106  9:58  Roach x5, Drone  
  106  9:59  Zergling x2  
  118  10:34  Overlord  
  118  10:35  Hydralisk x2, Overlord  
  118  10:36  Hydralisk x4  
  118  10:39  Ravager  
  118  10:40  Ravager x3  
  118  10:41  Hatchery  
  133  10:46  Lurker Den  
  132  10:51  Infestation Pit  
  132  10:52  Drone x3  
  134  11:05  Pneumatized Carapace  
  134  11:18  Overseer  
  134  11:19  Overseer  
  134  11:30  Hydralisk x2, Overlord x2  
  134  11:31  Hydralisk x5  
  148  11:44  Hydralisk x2  
  148  11:45  Hydralisk x2  
  153  11:53  Hydralisk  
  153  11:54  Hydralisk x2  
Tags
 
Matchup
ZvZ
Race
Zerg
Replay Pack
Multiplayer
Spawn Locations
Cross Positions
Add a new tag
Caveats
  • Supply blocks, unpowered buildings, or Contaminate may cause inaccurate times.
  • Supply counts are checked every 10 seconds.